[Event "Blitz tournament"]
[Site "Biel, Switzerland"]
[Date "2021.07.31"]
[Round "10.1"]
[White "Kamsky, Gata"]
[Black "Studer, Noël"]
[Result "0-1"]
[ECO "C43"]
[WhiteElo "2644"]
[BlackElo "2451"]
[PlyCount "92"]
[EventDate "2021.??.??"]
[EventType "blitz"]
[TimeControl "3+2"]
[WhiteClock "0:00:47"]
[BlackClock "0:00:05"]

1. e4 e5 2. Nf3 Nf6 3. d4 Nxe4 4. Bd3 d5 5. Nxe5 Bd6 6.
O-O O-O 7. Bxe4 dxe4 8. Nc3 Bf5 9. Nc4 Bg6 10. Re1 Re8 11.
Nxd6 Qxd6 12. Nb5 Qd7 13. c4 a6 14. Nc3 Nc6 15. Nd5 b5 16.
b3 bxc4 17. bxc4 Na5 18. Bf4 Nxc4 19. Nxc7 Nb2 20. Qd2 Nd3 21. Nxe8 Nxe1 22. Nf6+ gxf6 23. Rxe1 Qd5 24. Bh6 Rd8 25. Rc1 Qd7 26. h3 Rc8 27. Rxc8+ Qxc8 28. Qf4 Qd8 29. d5 f5 30. Qe5 f6 31. Qe6+ Bf7 32. Qxf5 Bxd5 33. Qg4+ Kf7 34. a3 Bc6 35. Qg7+ Ke6 36. Bf4 Qd7 37. Qg8+ Qf7 38. Qc8+ Qd7 39. Qxa6 Kf7 40. Kh2 Kg6 41. Qb6 Qd5 42. Qe3 h5 43. Qg3+ Kf7 44. Be3 Ke6 45. Qg8+ Ke7 46. Bf4 Qxg8 0-1

[Event "Blitz tournament"]
[Site "Biel, Switzerland"]
[Date "2021.07.31"]
[Round "10.2"]
[White "Alekseenko, Kirill"]
[Black "Lagarde, Maxime"]
[Result "1/2-1/2"]
[ECO "A80"]
[WhiteElo "2580"]
[BlackElo "2630"]
[PlyCount "196"]
[EventDate "2021.??.??"]
[EventType "blitz"]
[TimeControl "3+2"]
[WhiteClock "0:00:08"]
[BlackClock "0:00:04"]

1. d4 f5 2. Nc3 Nf6 3. Bg5 d5 4. Bxf6 exf6 5. e3 Be6 6. h4 Qd7 7. Nh3 Nc6 8. a3 a6 9. Bd3 Bd6 10. Qf3 Ne7 11. Nf4 Bf7 12. h5 O-O-O 13. O-O-O Qc6 14. Nfe2 g6 15. hxg6 hxg6 16. g4 Be6 17. gxf5 Nxf5 18. Rxh8 Rxh8 19. Rh1 Rg8 20. Rh7 Kb8 21. Kb1 b5 22. Nf4 Bxf4 23. Qxf4 Qd6 24. Qf3 c6 25. e4 dxe4 26. Nxe4 Qxd4 27. Qf4+ Qe5 28. Qd2 Rg7 29. Rh8+ Rg8 30. Rh7 Rg7 31. Rxg7 Nxg7 32. Qb4 Bc8 33. Qf8 Ne6 34. Qxf6 Qxf6 35. Nxf6 Nf4 36. Be4 Kc7 37. Kc1 Kd6 38. Bf3 Bf5 39. Kd2 c5 40. Ne8+ Kd7 41. Nf6+ Kd6 42. b4 cxb4 43. axb4 Kc7 44. Ke3 Ne6 45. Nd5+ Kb8 46. c3 Nc7 47. Kd4 Nxd5 48. Bxd5 Kc7 49. Ke5 Kb6 50. f4 a5 51. bxa5+ Kxa5 52. Kf6 Kb6 53. Bf7 Kc5 54. Bxg6 Bh3 55. Bd3 b4 56. cxb4+ Kxb4 57. Bf5 Bf1 58. Ke5 Kc5 59. Bg4 Bd3 60. Bf3 Bb1 61. Be4 Ba2 62. f5 Bb3 63. f6 Ba2 64. Bf5 Bf7 65.
Be6 Be8 66. Bd5 Bg6 67. Ke6 Kd4 68. Bb3 Bh5 69. Bc2 Be8 70.
Ke7 Bh5 71. Bd1 Bg6 72. Bc2 Bh5 73. Bb3 Ke5 74. Bc2 Kd5 75.
Bd1 Bg6 76. Bc2 Bh5 77. Bd3 Ke5 78. Bc4 Bg6 79. Bf7 Bd3 80.
Bb3 Bg6 81. Bd1 Kd5 82. Kf8 Ke5 83. Kg7 Be8 84. Be2 Kf5 85.
Bb5 Bh5 86. Bc6 Kg5 87. Be4 Be8 88. Bd5 Bh5 89. Bf7 Be2 90.
Be8 Bc4 91. Bb5 Bd5 92. Bd3 Bb3 93. Bg6 Bd5 94. Bf7 Bf3 95.
Be6 Bh5 96. Bd7 Kf4 97. Kf8 Bg6 98. Be8 Kf5 1/2-1/2

[Event "Blitz tournament"]
[Site "Biel, Switzerland"]
[Date "2021.07.31"]
[Round "10.4"]
[White "Gelfand, Boris"]
[Black "Nihal, Sarin"]
[Result "0-1"]
[ECO "E06"]
[WhiteElo "2691"]
[BlackElo "2658"]
[PlyCount "52"]
[EventDate "2021.??.??"]
[EventType "blitz"]
[TimeControl "3+2"]
[WhiteClock "0:01:01"]
[BlackClock "0:00:29"]

1. d4 Nf6 2. Nf3 d5 3. c4 e6 4. g3 Be7 5. Bg2 O-O 6. Nc3 dxc4 7. Ne5 Nc6 8. Bxc6 bxc6 9. Nxc6 Qe8 10. Nxe7+ Qxe7 11. Qa4 c5 12. dxc5 Qxc5 13. Be3 Qc7 14. f3 Bb7 15. Kf2 e5 16. Qb5 e4 17. Qc5 Qd7 18. Rad1 Qh3 19. Bd4 exf3 20. exf3 Ng4+ 21. fxg4 Qg2+ 22. Ke3 Rfe8+ 23. Be5 f6 24. Qxc4+ Kh8 25. Kd3 Rxe5 26. Qc7 Ba6+ 0-1

[Event "Blitz tournament"]
[Site "Biel, Switzerland"]
[Date "2021.07.31"]
[Round "11.1"]
[White "Gelfand, Boris"]
[Black "Kamsky, Gata"]
[Result "0-1"]
[ECO "A81"]
[WhiteElo "2691"]
[BlackElo "2644"]
[PlyCount "69"]
[EventDate "2021.??.??"]
[EventType "blitz"]
[TimeControl "3+2"]
[WhiteClock "0:00:03"]
[BlackClock "0:00:25"]

1. d4 f5 2. g3 Nf6 3. Bg2 g6 4. Nf3 Bg7 5. O-O O-O 6. Nbd2 d6 7. Re1 Nc6 8. c3 e5 9. e4 Nxe4 10. Nxe4 fxe4 11. Rxe4 d5 12. Rh4 e4 13. Bg5 Bf6 14. Bxf6 Qxf6 15. Rf4 Bf5 16. Nh4 Ne7 17. Qb3 Kh8 18. Bh3 Qb6 19. Bxf5 g5 20. Bxe4 gxf4 21. Bxd5 fxg3 22. fxg3 Nxd5 23. Qxd5 Rae8 24. Qg2 Qe6 25. Qd2 Qe2 26. Qxe2 Rxe2 27. b3 Rff2 28. a4 Kg7 29. a5 Ra2 30. Re1 Rfe2 31. Rf1 Rxh2 32. b4 Rhc2 33. Nf5+ Kg6 34. Nh4+ Kh5 35. Nf3 0-1

[Event "Blitz tournament"]
[Site "Biel, Switzerland"]
[Date "2021.07.31"]
[Round "11.3"]
[White "Keymer, Vincent"]
[Black "Alekseenko, Kirill"]
[Result "1-0"]
[ECO "A17"]
[WhiteElo "2474"]
[BlackElo "2580"]
[PlyCount "67"]
[EventDate "2021.??.??"]
[EventType "blitz"]
[TimeControl "3+2"]
[WhiteClock "0:00:09"]
[BlackClock "0:00:05"]

1. Nf3 d5 2. e3 Nf6 3. c4 e6 4. Nc3 Bd6 5. b3 b6 6. g3 O-O 7. Bb2 Nbd7 8. Bg2 Ba6 9. d3 c5 10. O-O Re8 11. a4 Rb8 12. Nb5 Bxb5 13.
axb5 Qc7 14. Qc2 Re7 15. Ra4 Ne5 16. Rfa1 Nxf3+ 17. Bxf3 Rd8 18. Bxf6 gxf6 19. cxd5 Be5 20. Rc1 Qd7 21.
Rg4+ Kh8 22. d4 Bd6 23. Rh4 f5 24. e4 exd5 25. e5 Bb8 26. Bg4 cxd4 27. Bxf5 Qc7 28. Rxh7+ Kg8 29. Qd1 Qxe5 30. Qg4+ Kf8 31. Qh5 Rc7 32. Rh8+ Ke7 33. Qh4+ Qf6 34. Re1+ 1-0

[Event "Blitz tournament"]
[Site "Biel, Switzerland"]
[Date "2021.07.31"]
[Round "11.4"]
[White "Lagarde, Maxime"]
[Black "Studer, Noël"]
[Result "1-0"]
[ECO "C48"]
[WhiteElo "2630"]
[BlackElo "2451"]
[PlyCount "65"]
[EventDate "2021.??.??"]
[EventType "blitz"]
[TimeControl "3+2"]
[WhiteClock "0:00:19"]
[BlackClock "0:00:15"]

1. e4 e5 2. Nf3 Nf6 3. Nc3 Nc6 4. Bb5 Nd4 5. O-O Nxb5 6.
Nxb5 c6 7. Nc3 d6 8. d4 Qc7 9. a4 Be7 10. h3 O-O 11. b3 h6 12. Ba3 Rd8 13.
Re1 Rb8 14. Qd2 b5 15. axb5 cxb5 16. Bb4 Rd7 17. Nh4 Qb6 18. Nf5 Bf8 19. Re3 Rd8 20. Ba5 b4 21. Bxb6 bxc3 22. Qxc3 axb6 23. dxe5 dxe5 24. Qxe5 Bxf5 25. Qxf5 Rdc8 26. e5 Nd5 27. Rf3 Rc7 28. e6 Nf6 29. Re1 Bb4 30. Qf4 Bxe1 31. Qxc7 Rf8 32. e7 Re8 33. Rxf6 1-0

[Event "Blitz tournament"]
[Site "Biel, Switzerland"]
[Date "2021.07.31"]
[Round "12.1"]
[White "Kamsky, Gata"]
[Black "Lagarde, Maxime"]
[Result "1-0"]
[ECO "C63"]
[WhiteElo "2644"]
[BlackElo "2630"]
[PlyCount "131"]
[EventDate "2021.??.??"]
[EventType "blitz"]
[TimeControl "3+2"]
[WhiteClock "0:00:43"]
[BlackClock "0:00:11"]

1. e4 e5 2. Nf3 Nc6 3. Bb5 f5 4. Nc3 fxe4 5. Nxe4 Nf6 6. Qe2 d5 7. Nxf6+ gxf6 8. d4 e4 9. Nh4 Qe7 10. O-O f5 11. g3 Bg7 12. Qh5+ Qf7 13.
Qxf7+ Kxf7 14. c3 Bf6 15. Ng2 Nd8 16. Be2 Ne6 17. Ne3 Bxd4 18.
Bh5+ Kf6 19. cxd4 c6 20. f3 Ng7 21. fxe4 Nxh5 22. g4 Ng7 23.
exf5 h5 24. g5+ Kxg5 25. Nxd5+ Kh4 26. Ne7 Nxf5 27. Nxf5+ Bxf5 28. Rxf5 Rhg8+ 29. Kh1 Raf8 30. Rxf8 Rxf8 31.
Be3 Kh3 32. Rg1 h4 33. Re1 a5 34. a4 Rf5 35. Bg1 b5 36. axb5 Rxb5 37. Re3+ Kg4 38. h3+ Kf4 39. b3 Rb4 40. Rc3 Ke4 41. Kg2 Rb8 42. Bf2 Rg8+ 43. Kf1 Rb8 44. Ke2 Rb7 45. Kd2 Rb8 46. Kc2 Rf8 47. Bxh4 Kxd4 48. Rxc6 Rf3 49. Rc4+ Kd5 50. Rc3 Rf4 51. Bg3 Rf5 52. h4 Rf1 53. Re3 Kc6 54. h5 Rh1 55. Re5 Kb6 56. Rg5 Rh3 57. Kc3 Ka6 58. Kc4 Rh1 59. Rg6+ Kb7 60. h6 Rh5 61. Be1 Kc7 62. Bd2 Kb7 63. Rg7+ Kc6 64. h7 Rh4+ 65. Kd3 Kb5 66. Bc3 1-0

[Event "Blitz tournament"]
[Site "Biel, Switzerland"]
[Date "2021.07.31"]
[Round "12.2"]
[White "Studer, Noël"]
[Black "Keymer, Vincent"]
[Result "1-0"]
[ECO "E11"]
[WhiteElo "2451"]
[BlackElo "2474"]
[PlyCount "117"]
[EventDate "2021.??.??"]
[EventType "blitz"]
[TimeControl "3+2"]
[WhiteClock "0:00:05"]
[BlackClock "0:00:04"]

1. d4 Nf6 2. c4 e6 3. Nf3 d5 4. g3 Bb4+ 5. Bd2 Be7 6. Bg2 O-O 7. O-O c6 8. Qb3 a5 9. Rc1 Nbd7 10. a3 Nb6 11. c5 Nc4 12. Rxc4 dxc4 13. Qxc4 b6 14. Ne5 Ba6 15. Qc3 Nd5 16. Qb3 bxc5 17. Nxc6 Qc7 18. Nxe7+ Qxe7 19. Nc3 Nxc3 20. Qxc3 cxd4 21. Qxa5 Bb7 22. Qb4 Qxb4 23.
Bxb4 Rfb8 24. Bd6 Rd8 25. Bxb7 Ra7 26. Be7 Rd7 27. Rc1 f5 28. Bc5 Raxb7 29. b4 d3 30. exd3 Rxd3 31. a4 Ra3 32. a5 Rd7 33. Bb6 Rd5 34. Rc7 h5 35. h4 Ra4 36. Bc5 e5 37. Rc6 Rd1+ 38.
Kg2 Rda1 39. Re6 e4 40. Re5 g6 41. Re6 Kf7 42. Re7+ Kg8 43.
Ra7 R1a2 44. Kf1 R4a3 45. Bd4 Rb3 46. Bc5 e3 47. Bxe3 Rxb4 48.
a6 Rba4 49. Ra8+ Kf7 50. a7 Kg7 51. Kg2 Kh7 52. Kf3 R2a3 53.
Ke2 Ra6 54. Bd4 g5 55. hxg5 Ra2+ 56. Kd3 R2a4 57. Rh8+ Kg6 58. f4 Rd6 59. Rh6+ 1-0

[Event "Blitz tournament"]
[Site "Biel, Switzerland"]
[Date "2021.07.31"]
[Round "12.3"]
[White "Alekseenko, Kirill"]
[Black "Nihal, Sarin"]
[Result "1/2-1/2"]
[ECO "C78"]
[WhiteElo "2580"]
[BlackElo "2658"]
[PlyCount "81"]
[EventDate "2021.??.??"]
[EventType "blitz"]
[TimeControl "3+2"]
[WhiteClock "0:00:03"]
[BlackClock "0:00:13"]

1. e4 e5 2. Nf3 Nc6 3. Bb5 a6 4. Ba4 Nf6 5. O-O Bc5 6. Bxc6 dxc6 7. d3 Qe7 8. Qe2 Bg4 9. Be3 Nd7 10. Nbd2 f6 11. a3 O-O 12. h3 Bh5 13.
g4 Bf7 14. Nh4 g6 15. Ng2 Rad8 16. f4 exf4 17. Nxf4 Bd6 18. Nf3 c5 19. b3 b5 20. a4 c4 21. axb5 axb5 22. bxc4 bxc4 23. Ra5 cxd3 24. cxd3 c6 25. Qc2 Ne5 26. Nxe5 fxe5 27. Ng2 Bb4 28. Ra7 Rd7 29. Rxd7 Qxd7 30. Bh6 Rd8 31. Kh2 Qxd3 32. Qf2 Qd7 33. Qf6 Bf8 34. g5 Qe7 35. Qxc6 Bxh6 36. gxh6 Qg5 37. Qc7 Rf8 38. Rf3 Qxh6 39. Qxe5 Qg7 40. Qf4 Be6 41. Qxf8+ 1/2-1/2

[Event "Blitz tournament"]
[Site "Biel, Switzerland"]
[Date "2021.07.31"]
[Round "13.2"]
[White "Gelfand, Boris"]
[Black "Alekseenko, Kirill"]
[Result "0-1"]
[ECO "E10"]
[WhiteElo "2691"]
[BlackElo "2580"]
[PlyCount "82"]
[EventDate "2021.??.??"]
[EventType "blitz"]
[TimeControl "3+2"]
[WhiteClock "0:00:09"]
[BlackClock "0:00:04"]

1. d4 Nf6 2. Nf3 e6 3. c4 h6 4. g3 Bb4+ 5. Bd2 Be7 6. Bg2 d5 7. O-O O-O 8. Qc2 Nbd7 9. Nc3 c6 10. b3 a5 11. e4 dxe4 12. Nxe4 Nxe4 13. Qxe4 Nf6 14. Qc2 Qb6 15. Bc3 Rd8 16. Ne5 Bd7 17. Rad1 Be8 18. Kh1 a4 19. bxa4 Qa6 20. a5 Nd7 21. Nxd7 Bxd7 22. Qb3 Bd6 23. Rfe1 Bc7 24. d5 Bxa5 25. d6 Bxc3 26. Qxc3 Qa3 27. Qd4 Ra5 28. Rb1 Rb8 29. Qb6 Raa8 30. Qc7 Rd8 31. Red1 Qxa2 32. Rxb7 Qxf2 33. Qb6 Qe2 34. Rg1 Qxc4 35. Rc7 Be8 36. Qb7 Rdb8 37. Rxc6 Bxc6 38. Qxc6 Qxc6 39. Bxc6 Ra6 40. Rc1 Rd8 41. d7 Rxc6 0-1

[Event "Blitz tournament"]
[Site "Biel, Switzerland"]
[Date "2021.07.31"]
[Round "13.3"]
[White "Nihal, Sarin"]
[Black "Studer, Noël"]
[Result "1-0"]
[ECO "D00"]
[WhiteElo "2658"]
[BlackElo "2451"]
[PlyCount "59"]
[EventDate "2021.??.??"]
[EventType "blitz"]
[TimeControl "3+2"]
[WhiteClock "0:00:40"]
[BlackClock "0:00:03"]

1. d4 Nf6 2. Bf4 d5 3. e3 c5 4. dxc5 Nc6 5. Bb5 e6 6. b4 a5 7. c3 Bd7 8. Qb3 Be7 9. Nf3 O-O 10.
O-O Ne4 11. Nbd2 Nxd2 12. Nxd2 Bf6 13. Bxc6 Bxc6 14. b5 a4 15. Qb4 Bd7 16. Bd6 Re8 17. Rab1 Ra5 18. c4 h5 19. Rfd1 h4 20. h3 e5 21. cxd5 Rxb5 22. Qc4 Rxb1 23. Rxb1 Qc8 24. Ne4 Bd8 25. c6 bxc6 26. Rb8 Qxb8 27. Bxb8 cxd5 28. Qxd5 Be6 29. Qb5 Rf8 30. Bd6 1-0

[Event "Blitz tournament"]
[Site "Biel, Switzerland"]
[Date "2021.07.31"]
[Round "13.4"]
[White "Keymer, Vincent"]
[Black "Lagarde, Maxime"]
[Result "0-1"]
[ECO "B08"]
[WhiteElo "2474"]
[BlackElo "2630"]
[PlyCount "102"]
[EventDate "2021.??.??"]
[EventType "blitz"]
[TimeControl "3+2"]
[WhiteClock "0:00:04"]
[BlackClock "0:00:10"]

1. Nf3 Nc6 2. d4 d6 3. e4 Nf6 4. Nc3 g6 5. h3 Bg7 6. Be3 O-O 7. Qd2 e5 8. O-O-O exd4 9. Nxd4 Nxd4 10. Bxd4 Be6 11. g4 c5 12. Be3 Qa5 13. Bh6 Bxh6 14. Qxh6 b5 15. Qf4 b4 16. Qxf6 bxc3 17. bxc3 d5 18. exd5 Qa3+ 19. Kd2 Bxd5 20. f3 Rfe8 21. Bd3 c4 22. Be4 Bxe4 23. fxe4 Re6 24. Qf3 Rae8 25. Rhf1 Qe7 26. Rde1 Rd8+ 27. Ke3 Rd7 28. Kf2 Rd2+ 29. Re2 Rxe2+ 30. Qxe2 Rxe4 31. Qf3 Qe5 32. Kg2 Re2+ 33. Rf2 Rxf2+ 34. Kxf2 Qh2+ 35. Ke3 Qxc2 36. Kd4 Qxa2 37. Qf6 Qd2+ 38. Kxc4 Qd7 39. Kb4 Qb7+ 40. Ka3 Qb6 41. Qe5 Qa6+ 42. Kb4 Qb6+ 43. Ka3 Kf8 44. c4 Qa6+ 45. Kb4 Qb6+ 46. Ka3 Qe6 47. Qb8+ Kg7 48. c5 Qe3+ 49. Kb4 Qd4+ 50. Ka5 Qxc5+ 51. Ka6 Qb6+ 0-1

[Event "Blitz tournament"]
[Site "Biel, Switzerland"]
[Date "2021.07.31"]
[Round "14.1"]
[White "Kamsky, Gata"]
[Black "Keymer, Vincent"]
[Result "1/2-1/2"]
[ECO "B13"]
[WhiteElo "2644"]
[BlackElo "2474"]
[PlyCount "144"]
[EventDate "2021.??.??"]
[EventType "blitz"]
[TimeControl "3+2"]
[WhiteClock "0:00:10"]
[BlackClock "0:00:07"]

1. e4 c6 2. d4 d5 3. exd5 cxd5 4. Bd3 Nf6 5. c3 Bg4 6. Nf3 e6 7. Bf4 Nc6 8. Nbd2 Bd6 9. Bxd6 Qxd6 10. O-O O-O 11. Re1 Rab8 12. a4 a6 13.
a5 Rfe8 14. h3 Bh5 15. Qa4 Nd7 16. Re3 Bg6 17. Bf1 b5 18. axb6 Nxb6 19. Qa3 Qc7 20. Nb3 a5 21. Nc5 Ra8 22. Bb5 Rec8 23. Qb3 Bh5 24. Nd2 Ne7 25. Ree1 Bg6 26. Bf1 Nf5 27. Ra3 Ra7 28. Rea1 Rca8 29. Nf3 Nd6 30. Ne5 Bf5 31. Qd1 f6 32. Ned3 Ndc4 33. R3a2 h6 34. b3 Nd6 35. g4 Bxd3 36. Qxd3 e5 37. dxe5 fxe5 38. Na4 d4 39. cxd4 e4 40. Qg3 Nxa4 41. Rxa4 Qd8 42. b4 Ne8 43. bxa5 Rxa5 44. Rxa5 Rxa5 45. Rxa5 Qxa5 46. Qb8 Kf7 47. Bc4+ Ke7 48. Qb7+ Qc7 49. Qxe4+ Kd8 50. Bf1 Qd6 51. f4 Nf6 52. Qe5 Qb6 53. Bg2 Qb1+ 54. Kh2 Qb2 55. g5 hxg5 56. fxg5 Nd7 57. Qxg7 Qb8+ 58. Kh1 Qb1+ 59. Kh2 Qb8+ 60. Kg1 Qg3 61. Qg8+ Kc7 62. Qc4+ Kd8 63. Qd5 Qe3+ 64. Kf1 Kc7 65. Qc4+ Kd8 66. Qd5 Qg3 67. Qf5 Qe3 68. g6 Qxd4 69. h4 Qxh4 70. g7 Qc4+ 71. Kg1 Qd4+ 72. Kh2 Qxg7 1/2-1/2

[Event "Blitz tournament"]
[Site "Biel, Switzerland"]
[Date "2021.07.31"]
[Round "14.2"]
[White "Lagarde, Maxime"]
[Black "Nihal, Sarin"]
[Result "1/2-1/2"]
[ECO "C29"]
[WhiteElo "2630"]
[BlackElo "2658"]
[PlyCount "108"]
[EventDate "2021.??.??"]
[EventType "blitz"]
[TimeControl "3+2"]
[WhiteClock "0:00:09"]
[BlackClock "0:00:07"]

1. e4 e5 2. Nc3 Nf6 3. f4 d5 4. fxe5 Nxe4 5. Qf3 Nxc3 6.
dxc3 Nc6 7. Bf4 Be6 8. O-O-O Qd7 9. Qg3 a6 10. Nf3 O-O-O 11.
h4 h6 12. Bd3 Kb8 13. Kb1 g6 14. Nd4 Nxd4 15. cxd4 c5 16. dxc5 Bxc5 17. Rhf1 Rc8 18. Bc1 Rc6 19. Rf4 h5 20. Rdf1 Rhc8 21. Rxf7 Bxf7 22. e6+ Qc7 23. Bf4 Bd6 24. Bxd6 Qxd6 25. Qxd6+ Rxd6 26. exf7 Rf8 27. c4 Kc7 28. Kc2 Kd7 29. cxd5 Ke7 30. Be4 Rxf7 31. Bf3 Rf4 32. Rh1 Rxf3 33. gxf3 Rxd5 34. Re1+ Kf6 35. Re4 g5 36. hxg5+ Kxg5 37. Re7 b5 38. b4 Kf4 39. Re6 h4 40. Rxa6 Kxf3 41. a4 bxa4 42. Rxa4 h3 43. Ra8 Kg4 44. Ra1 h2 45. Kc3 Kg3 46. Kc4 Rf5 47. b5 Rf4+ 48. Kc5 Kg2 49.
b6 Rf5+ 50. Kd6 Rf1 51. Ra2+ Rf2 52. Ra1 Rf1 53. Ra2+ Rf2 54. Ra1 Rf1 1/2-1/2